 Dungeon Crawl Stone Soup version 0.31-a0-931-g7b59d4eb97 (webtiles) character file.

Game seed: 9359839039462329350

2186 Hubris850 the Grappler (level 9, -1/64 HPs)
             Began as a Grey Draconian Shapeshifter on Oct 19, 2023.
             Was a Follower of Makhleb.
             Asphyxiated
             ... on level 9 of the Dungeon.
             The game lasted 00:14:29 (5630 turns).

Hubris850 the Grappler (DrSh)                       Turns: 5630, Time: 00:14:29

Health: -1/64      AC: 15    Str: 23    XL:     9   Next: 11%
Magic:  9/9        EV: 12    Int: 14    God:    Makhleb [*.....]
Gold:   67         SH:  0    Dex: 11    Spells: 8/8 levels left

rFire   . . .        j - melded +3 short sword (venom)
rCold   + . .        E - melded +0 buckler
rNeg    . . .        (body armour unavailable)
rPois   .            y - +1 hat {SInv}
rElec   .            f - +0 cloak
rCorr   .            (no gloves)
SInv    +            a - +0 pair of boots
Will    .....        F - amulet of faith
Stlth   +            m - ring of protection from cold
HPRegen 0.30/turn    u - +6 ring of strength
MPRegen 0.11/turn

%: faith
@: lethally poisoned (-1 -> -24), flux-form, glowing
A: glow, contaminating, AC +12, amphibious, unfitting armour, cold-blooded
a: Begin Untransformation, Renounce Religion


You were on level 9 of the Dungeon.
You worshipped Makhleb.
Makhleb was aware of your devotion.
You were something dangerously unstable.
You visited 2 branches of the dungeon, and saw 8 of its levels.

You collected 235 gold pieces.
You spent 168 gold pieces at shops.

Inventory:

Hand Weapons
 j - a +3 short sword of venom (melded)
 q - a +2 dagger of freezing
Missiles
 g - 9 boomerangs (quivered)
 x - 4 javelins
 G - 6 poisoned darts
Armour
 a - a +0 pair of boots (worn)
 f - a +0 cloak (worn)
 y - a +1 hat of see invisible (worn)
 z - a scarf of shadows
 E - a +0 buckler (melded)
Magical Staves
 H - a staff of conjuration
Jewellery
 i - a ring of magical power
 m - a ring of protection from cold (left hand)
 r - a ring of resist corrosion
 u - a +6 ring of strength (right hand)
 F - an amulet of faith (around neck)
Talismans
 b - a beast talisman
 c - a flux talisman (active)
 t - a maw talisman
Wands
 B - a wand of polymorph (13)
 D - a wand of mindburst (8)
Scrolls
 h - 4 scrolls of teleportation
 k - a scroll of blinking
 o - 2 scrolls of butterflies
 p - a scroll of fear
 C - a scroll of enchant armour {unknown}
Potions
 e - 4 potions of enlightenment
 l - a potion of heal wounds
 n - a potion of ambrosia
 s - a potion of mutation
 v - a potion of attraction {unknown}
 w - a potion of invisibility {unknown}
 A - a potion of brilliance {unknown}


   Skills:
 - Level 1.1 Fighting
 - Level 1.7 Dodging
 + Level 9.1 Unarmed Combat
 + Level 8.4 Shapeshifting


You had 8 spell levels left.
You didn't know any spells.
Your spell library contained the following spells:

 Spells                   Type           Power      Damage    Failure   Level
 Apportation              Tloc           0%         N/A       28%         1
 Necrotise                Necr           0%         1d4       28%         1
 Summon Small Mammal      Summ           0%         N/A       28%         1
 Dazzling Flash           Conj/Hex       0%         N/A       65%         3
 Ozocubu's Armour         Ice            0%         N/A       65%         3
 Tukima's Dance           Hex            0%         N/A       65%         3
 Passage of Golubria      Tloc           0%         N/A       96%         4
 Agony                    Necr           0%         N/A       100%        5
 Metabolic Englaciation   Hex/Ice        0%         N/A       100%        5
 Silence                  Hex/Air        0%         N/A       100%        5
 Yara's Violent Unravell  Hex/Tmut       0%         3d3       100%        5
 Simulacrum               Ice/Necr       0%         N/A       100%        6


Dungeon Overview and Level Annotations

Branches:
Dungeon (6/15)             Temple (1/1) D:4

Altars:
Ashenzari
Cheibriados
Elyvilon
Gozag
Hepliaklqana
Kikubaaqudgha
Makhleb
Okawaru
Qazlal
Ru
Sif Muna
Trog
Uskayaw
Vehumet
Wu Jian
Xom
Yredelemnul
Zin
The Shining One

Shops:
D:1 [   D:3 (

Annotations:
D:3 1 runed translucent door, DocEon's ghost, weakling GrFi
D:9 Amaemon


Innate Abilities, Weirdness & Mutations

You are something dangerously unstable.
You glow with magical radiation, making you easy to see and hit.
Foes you strike become dangerously contaminated with magical radiation.
You are incapable of wielding weapons or throwing items.
Your dull iron-grey scales are very hard. (AC +12)
You are amphibious.
You cannot fit into any form of body armour.
You are cold-blooded and may be slowed by cold attacks.


Message History

The scorpion stings you but does no damage.
You feel better. Amaemon hits you but does no damage.
You are poisoned.
Amaemon claws you but does no damage. Amaemon barely misses you.
The scorpion barely misses you.
The orange demon stings you but does no damage.
The scorpion closely misses you.
You feel much better.
You feel sick. The scorpion barely misses you.
The orange demon stings you but does no damage.
Amaemon gestures wildly while chanting.
The scorpion stings you.
You hit Amaemon.
Amaemon begins to glow.
Amaemon is severely wounded.
You feel sick.
The scorpion stings you but does no damage.
The scorpion closely misses you.
Amaemon hits you with a +0 demon whip of venom.
You are more poisoned.
Amaemon claws you.
Amaemon tail-slaps you but does no damage.
The orange demon stings you but does no damage.
The scorpion barely misses you.
You hit Amaemon.
Amaemon glows dangerously bright.
Amaemon is severely wounded.
You feel very sick.
The scorpion disappears in a puff of smoke!
The scorpion misses you. The orange demon stings you from afar.
* * * LOW HITPOINT WARNING * * *
Amaemon casts a spell at the scorpion.
The scorpion seems to grow toxic.
The scorpion stings you.
* * * LOW HITPOINT WARNING * * *
You barely miss Amaemon. You tail-slap Amaemon.
Amaemon is almost dead.
* * * LOW HITPOINT WARNING * * *
You feel very sick. The scorpion barely misses you.
The orange demon stings you from afar.
* * * LOW HITPOINT WARNING * * *
You are more poisoned.
You have difficulty breathing.
You die...

...........#
...........#
...........#
...........# #
...........# .#
...........# ..#
...........####### ...#
.................#s§..#
................p64...#
############...ss######
#.....# #######


You could see Amaemon (heavy contam, misshapen), an orange demon (curare,
misshapen) and 3 scorpions.

Vanquished Creatures
  Sigmund (D:4)
  3 yaks (D:9)
  2 water moccasins
  A sky beast (D:6)
  A black bear (D:5)
  2 ogres (D:5)
  2 centaurs
  2 phantoms (D:5)
  2 scorpions
  A sleepcap (D:4)
  A gnoll bouda (D:9)
  An orc priest (D:9)
  A hound (D:5)
  A jelly (D:4)
  Ijyb (D:5)
  4 iguanas (D:5)
  5 orc wizards
  7 gnolls
  5 adders
  2 worms
  6 dart slugs
  14 orcs
  5 endoplasms
  2 giant cockroaches
  6 hobgoblins
  3 jackals (D:1)
  5 kobolds
  2 quokkas
  3 ball pythons
  4 bats
  5 frilled lizards
  4 goblins
  3 rats
107 creatures vanquished.

Vanquished Creatures (others)
  A minotaur (D:1)
  A demonspawn (D:1)
  A draconian (D:1)
  4 gargoyles (D:1)
  A troll (D:1)
  A vampire (D:1)
  3 spriggans (D:1)
  A felid (D:1)
  A mummy (D:1)
  An orc (D:1)
  5 tentacles (D:1)
20 creatures vanquished.

Grand Total: 127 creatures vanquished

Notes
Turn   | Place    | Note
-------+----------+-------------------------------------------
     0 | D:1      | Hubris850 the Draconian Shapeshifter began the quest for
                  | the Orb.
     0 | D:1      | Reached XP level 1. HP: 16/16 MP: 1/1
     2 | D:1      | Noticed a minotaur
     2 | D:1      | Noticed a gargoyle
     2 | D:1      | Noticed a spriggan
     2 | D:1      | Noticed a spriggan
     2 | D:1      | Noticed a kraken
     2 | D:1      | Noticed a gargoyle
     2 | D:1      | Noticed a gargoyle
     2 | D:1      | Noticed a draconian
     2 | D:1      | Noticed a troll
     2 | D:1      | Noticed a felid
     2 | D:1      | Noticed a spriggan
     2 | D:1      | Noticed a vampire
     2 | D:1      | Noticed a gargoyle
     2 | D:1      | Noticed a demonspawn
     2 | D:1      | Killed a gargoyle
     6 | D:1      | Killed a minotaur
     9 | D:1      | Killed a troll
    10 | D:1      | Killed a felid
    10 | D:1      | Killed a spriggan
    12 | D:1      | Killed a vampire
    13 | D:1      | Killed a gargoyle
    14 | D:1      | Killed a gargoyle
    15 | D:1      | Killed a spriggan
    16 | D:1      | Killed a spriggan
    16 | D:1      | Killed a gargoyle
    18 | D:1      | Killed a draconian
    20 | D:1      | Killed a demonspawn
    32 | D:1      | Found Quirul's Antique Armour Emporium.
   156 | D:1      | Reached XP level 2. HP: 21/23 MP: 2/2
   810 | D:2      | Reached XP level 3. HP: 21/28 MP: 3/3
   857 | D:2      | Found a bloodstained altar of Trog.
  1114 | D:2      | Reached skill level 4 in Unarmed Combat
  1649 | D:3      | Reached XP level 4. HP: 32/35 MP: 4/4
  1668 | D:3      | Found Joichic's Weapon Boutique.
  1898 | D:3      | Found a runed translucent door.
  1898 | D:3      | Noticed DocEon's ghost (weakling GrFi)
  2452 | D:3      | Noticed a water moccasin
  2467 | D:3      | Killed a water moccasin
  2468 | D:3      | Reached XP level 5. HP: 18/40 MP: 5/5
  2760 | D:4      | Reached skill level 5 in Unarmed Combat
  2766 | D:4      | Found a staircase to the Ecumenical Temple.
  2769 | D:4      | Noticed Sigmund
  2780 | D:4      | Reached skill level 5 in Shapeshifting
  2780 | D:4      | Reached XP level 6. HP: 32/47 MP: 6/6
  3087 | Temple   | Entered the Ecumenical Temple
  3104 | Temple   | Became a worshipper of Makhleb the Destroyer
  3514 | D:4      | Killed Sigmund
  3515 | D:4      | Reached skill level 6 in Unarmed Combat
  3515 | D:4      | Your scales start taking on a dull iron-grey colour.
  3515 | D:4      | Reached XP level 7. HP: 40/52 MP: 7/7
  3751 | D:5      | Entered Level 5 of the Dungeon
  4076 | D:5      | Noticed Ijyb
  4079 | D:5      | Killed Ijyb
  4196 | D:5      | Reached skill level 7 in Unarmed Combat
  4198 | D:5      | Reached * piety under Makhleb
  4249 | D:5      | Reached XP level 8. HP: 59/59 MP: 8/8
  4507 | D:1      | Bought an embroidered hat for 168 gold pieces
  5026 | D:6      | Reached skill level 8 in Unarmed Combat
  5074 | D:6      | You fall into a shaft and drop 3 floors!
  5087 | D:9      | Noticed Joseph
  5089 | D:9      | Joseph changed into Joseph the water moccasin
  5089 | D:9      | Noticed Joseph
  5103 | D:9      | Killed Joseph the water moccasin
  5480 | D:9      | Reached skill level 9 in Unarmed Combat
  5480 | D:9      | Reached XP level 9. HP: 44/64 MP: 9/9
  5603 | D:9      | Noticed Amaemon
  5603 | D:9      | Noticed an orange demon
  5630 | D:9      | Asphyxiated

Illustrated notes

Levels and vault maps discovered:
D:1:      nicolae_arrival_kraken_aquarium_b, layout_basic, serial_shops, shop,
          nicolae_figureground_sparkle
D:2:      minmay_general_purpose_star, layout_loops_ring, basic_altar,
          chequers_serial_rivers_large_a, wad_floor_pattern_untrapped
D:3:      layout_loops_corners, serial_shops, nicolae_shop_tiny_waterfront,
          hellmonk_ghost_happy_afterlife
D:4:      layout_gridville, minmay_temple_entry_junction, uniq_sigmund
D:5:      layout_gridville, kennysheep_generic_room_3, uniq_ijyb
D:6:      layout_gridville, nemelex_dance_club_becter, grunt_ministairs_2,
          uniq_maggie
D:9:      layout_grid_maze, grunt_decor_fettered, uniq_joseph, uniq_jeremiah,
          uniq_amaemon
Temple:   nicolae_temple_bog_church

Skill      XL: |  1  2  3  4  5  6  7  8 |
---------------+-------------------------+-----
Unarmed Combat | 4 5 6 7 9 |  9.1
Shapeshifting  | 4 5 6 8 |  8.4
Fighting       | |  1.1
Dodging        | |  1.7

Action                     |  1- 3 |  4- 6 |  7- 9 || total
---------------------------+-------+-------+-------++-------
  Melee: Unarmed           |    60 |     4 |   131 ||   195
         Tailslap          |     8 |    18 |    34 ||    60
         Punch             |     1 |     2 |       ||     3
         Dagger            |    17 |    59 |       ||    76
         Short sword       |       |    43 |    54 ||    97
  Throw: Boomerang         |    12 |    14 |     3 ||    29
         Javelin           |       |     1 |     3 ||     4
Ability: Begin Untransform |       |       |     1 ||     1
  Evoke: Wand              |       |       |     6 ||     6
    Use: Potion            |       |     2 |     4 ||     6
         Scroll            |       |     6 |     8 ||    14
   Stab: Sleeping          |     1 |     3 |       ||     4
 Armour: Skin              |    37 |    75 |   188 ||   300
  Dodge: Dodged            |    37 |    65 |   128 ||   230
  Block: Buckler           |       |       |     4 ||     4
   Form: Flux              |       |       |     1 ||     1

Table legend: (Time is in decaauts)
 A = Elapsed time spent in this place.
 B = Non-inter-level travel time spent in this place.
 C = Inter-level travel time spent in this place.
 D = Time resting spent in this place.
 E = Time spent auto-exploring this place.
 F = Levels seen in this place.
 G = Mean time per level.
                   A        B        C        D        E       F      G
               +--------+--------+--------+--------+--------+-----+--------+
         Total |   5633 |   5310 |    323 |    663 |   3725 |   8 |  704.1 |
       Dungeon |   5602 |   5292 |    310 |    663 |   3725 |   7 |  800.3 |
        Temple |     30 |     17 |     13 |      0 |      0 |   1 |   30.0 |
               +--------+--------+--------+--------+--------+-----+--------+

Top non-repeatable levels by time:
     D:3: 1356 daAuts
     D:5: 906 daAuts
     D:2: 881 daAuts
     D:4: 881 daAuts
     D:1: 821 daAuts
     D:9: 542 daAuts
     D:6: 212 daAuts
  Temple: 30 daAuts
